 Dungeon Crawl Stone Soup version 0.19.4-8-ga85b6b9 (webtiles) character file.

1614 sveltemanboy the Transmogrifier (level 8, -2/37 HPs)
             Began as a Vine Stalker Transmuter on Feb 14, 2017.
             Was a Follower of Ashenzari.
             Slain by a killer bee (5 damage)
             ... on level 7 of the Dungeon.
             The game lasted 00:15:14 (6154 turns).

sveltemanboy the Transmogrifier (VSTm)              Turns: 6154, Time: 00:15:15

Health: -2/37      AC:  2    Str: 13    XL:     8   Next: 96%
Magic:  0/12       EV: 19    Int: 15    God:    Ashenzari [*.....]
Gold:   347        SH:  0    Dex: 20    Spells: 4 memorised, 0 levels left

rFire  . . .     SeeInvis .       - Unarmed
rCold  . . .     Gourm    .     (armour currently unavailable)
rNeg   . . .     Faith    .     (shield currently unavailable)
rPois  x         Spirit   +     (helmet currently unavailable)
rElec  .         Reflect  .     (cloak currently unavailable)
rCorr  .         Harm     .     (gloves currently unavailable)
MR     +....                    (boots currently unavailable)
Stlth  ++........               (no amulet)
                                (no ring)
                                (no ring)

@: lethally poisoned (-2 -> -46), spider-form, drained
A: (fangs 0), regeneration 1, magic shield, (antimagic bite), no device heal 3,
rot immunity
a: End Transformation, Curse Item, Scrying, Renounce Religion


You were on level 7 of the Dungeon.
You worshipped Ashenzari.
Ashenzari was aware of your devotion.
You were hungry.
You were a venomous arachnid creature.
You visited 2 branches of the dungeon, and saw 8 of its levels.
You also visited: Sewer.

You collected 347 gold pieces.

Inventory:

Missiles
 a - 114 arrows
 h - 6 curare-tipped needles
 q - 7 javelins of returning (quivered)
 s - 23 poisoned needles
 u - 2 javelins
Armour
 b - a +0 robe (melded)
Wands
 r - a wand of confusion (14/48)
 C - a wand of polymorph (12/24)
Scrolls
 e - 3 scrolls of enchant armour {unknown}
 f - 6 scrolls of remove curse
 g - 7 scrolls of identify {unknown}
 m - 3 scrolls of noise {unknown}
 n - a scroll of fog {unknown}
 t - a scroll of summoning {unknown}
 x - 2 scrolls of teleportation {unknown}
 y - a scroll of recharging {unknown}
 z - 2 scrolls of magic mapping {unknown}
 E - a scroll of enchant weapon {unknown}
Potions
 i - 2 potions of mutation {unknown}
 j - 6 potions of curing {unknown}
 v - a potion of agility
 w - a potion of degeneration {unknown}
 A - a potion of flight {unknown}
 D - 2 potions of heal wounds {unknown}
Books
 c - a book of Changes

   Spells                             Type                      Level
   a - Beastly Appendage              Transmutation                1
   b - Sticks to Snakes               Transmutation                2
   c - Spider Form                    Transmutation/Poison         3
   d - Ice Form                       Ice/Transmutation            4
   e - Blade Hands                    Transmutation                5
 B - a book of Minor Magic

   Spells                             Type                      Level
   a - Magic Dart                     Conjuration                  1
   b - Blink                          Translocation                2
   c - Call Imp                       Summoning                    2
   d - Repel Missiles                 Charms/Air                   2
   e - Slow                           Hexes                        2
   f - Conjure Flame                  Conjuration/Fire             3
   g - Mephitic Cloud                 Conjuration/Poison/Air       3
 F - a book of Misfortune

   Spells                             Type                      Level
   a - Confusing Touch                Hexes                        1
   b - Confuse                        Hexes                        3
   c - Gell's Gravitas                Hexes/Translocation          3
   d - Petrify                        Transmutation/Earth          4
   e - Metabolic Englaciation         Hexes/Ice                    5
   f - Yara's Violent Unravelling     Hexes/Transmutation          5
Comestibles
 d - 4 bread rations
 k - 2 beef jerkies
 l - 15 fruits
 o - 3 meat rations
 p - 3 slices of pizza


   Skills:
 - Level 0.8(0.5) Fighting
 - Level 1.5(1.2) Dodging
 + Level 6.6(6.2) Unarmed Combat
 - Level 2.1(1.8) Spellcasting
 * Level 9.2(8.7) Transmutations
 - Level 2.0(1.7) Poison Magic


You couldn't memorise any spells.
You knew the following spells:

 Your Spells              Type           Power        Failure   Level  Hunger
a - Beastly Appendage     Tmut           ####..       4%          1    ##.....
b - Sticks to Snakes      Tmut           ####....     4%          2    ###....
c - Spider Form           Tmut/Pois      ###.......   24%         3    ####...
d - Blade Hands           Tmut           ####......   41%         5    ######.


Dungeon Overview and Level Annotations

Branches:
Dungeon (7/15)             Temple (1/1) D:5

Altars:
Ashenzari
Cheibriados
Elyvilon
Fedhas
Gozag
Makhleb
Nemelex Xobeh
Ru
Trog
Uskayaw
Vehumet
Xom
Yredelemnul


Innate Abilities, Weirdness & Mutations

((You have razor-sharp teeth.))
Your natural rate of healing is unusually fast.
When hurt, damage is shared between your health and your magic reserves.
((Your bite disrupts and absorbs the magic of your enemies.))
Potions and wands cannot restore your health.
You are immune to rotting.


Message History

The killer bee stings your ball python.
Your ball python dies!
You bite the killer bee!
The killer bee is poisoned.
The killer bee is severely wounded.
You feel sick. The killer bee closely misses you.
The killer bee completely misses you. The leopard gecko bites you.
The killer bee stings you!
You are lethally poisoned!
The killer bee poisons you! The killer bee stings you!
* * * LOW HITPOINT WARNING * * *
You are more poisoned.
The killer bee poisons you! The killer bee closely misses you.
The killer bee misses you.
You barely miss the killer bee.
The killer bee is almost dead.
* * * LOW HITPOINT WARNING * * *
You feel very sick.
You kill the killer bee!
The killer bee stings you.
You die...

# . .#.# #...#
....#
#####..>.##
#.l........
#ysy....#
#.yy.......
$.........$..
####..........
#?.........
#..........
#..........
#.......###


You could see 4 killer bees and a leopard gecko.

Vanquished Creatures
  Grinder (D:3)
  A water moccasin (D:5)
  A phantom (D:4)
  An ogre (D:5)
  2 centaurs (D:6)
  A crocodile (Sewer)
  A bullfrog (D:6)
  A killer bee (D:7)
  A crimson imp (D:6)
  2 hounds
  5 orc priests
  A centaur skeleton (D:4)
  5 orc wizards
  An iguana (D:4)
  3 worker ants
  5 adders
  A river rat (D:3)
  A shadow imp (D:6)
  2 worms
  2 dart slugs
  7 leopard geckos
  21 orcs
  9 bats
  7 giant cockroaches
  4 goblins
  10 hobgoblins
  7 jackals
  3 quokkas
  A ball python (D:3)
  5 frilled lizards
  8 kobolds
  A leopard gecko zombie (D:5)
  A quokka zombie (D:5)
  10 rats
132 creatures vanquished.

Vanquished Creatures (collateral kills)
  A water moccasin zombie (D:5)
  A crimson imp (D:5)
  A bullfrog zombie (D:5)
  An orc priest (D:3)
  An orc wizard (D:5)
  A howler monkey zombie (D:5)
  An adder (D:2)
  3 orcs (D:3)
  A quokka (D:5)
  2 bats
13 creatures vanquished.

Grand Total: 145 creatures vanquished

Notes
Turn   | Place    | Note
-------+----------+-------------------------------------------
     0 | D:1      | sveltemanboy the Vine Stalker Transmuter began the quest for the Orb.
     0 | D:1      | Reached XP level 1. HP: 9/9 MP: 4/4
   106 | D:1      | Reached XP level 2. HP: 9/14 MP: 1/6
   110 | D:1      | Learned a level 2 spell: Sticks to Snakes
   458 | D:1      | Reached skill level 3 in Transmutations
   673 | D:1      | Reached XP level 3. HP: 17/17 MP: 5/7
   687 | D:1      | Learned a level 3 spell: Spider Form
  1409 | D:2      | Found a bloodstained altar of Trog.
  1459 | D:2      | Reached skill level 1 in Poison Magic
  2261 | D:2      | Gained mutation: Your natural rate of healing is unusually fast. [Vine Stalker growth]
  2261 | D:2      | Reached XP level 4. HP: 17/21 MP: 0/8
  2613 | D:3      | Found a glowing drain.
  2655 | D:3      | Reached XP level 5. HP: 19/25 MP: 1/9
  2694 | Sewer    | Entered a sewer
  2736 | Sewer    | Reached skill level 4 in Transmutations
  2807 | Sewer    | Noticed a crocodile
  2818 | Sewer    | Killed a crocodile
  2959 | D:3      | Reached XP level 6. HP: 29/29 MP: 6/10
  3000 | D:3      | Noticed Grinder
  3008 | D:3      | Reached skill level 5 in Transmutations
  3075 | D:3      | Killed Grinder
  3075 | D:3      | Reached XP level 7. HP: 27/32 MP: 1/11
  3237 | D:3      | Reached skill level 6 in Transmutations
  3478 | D:4      | Reached skill level 5 in Unarmed Combat
  3882 | D:4      | Reached skill level 7 in Transmutations
  4210 | D:5      | Entered Level 5 of the Dungeon
  4219 | D:5      | Gained mutation: You have razor-sharp teeth. [Vine Stalker growth]
  4219 | D:5      | Reached XP level 8. HP: 23/37 MP: 3/12
  4361 | D:5      | Found a staircase to the Ecumenical Temple.
  4365 | Temple   | Entered the Ecumenical Temple
  4427 | Temple   | Became a worshipper of Ashenzari the Shackled
  4699 | D:5      | Reached skill level 8 in Transmutations
  4706 | D:5      | Learned a level 5 spell: Blade Hands
  5559 | D:6      | Reached * piety under Ashenzari
  5765 | D:6      | Reached skill level 9 in Transmutations
  6154 | D:7      | Slain by a killer bee

Skill      XL: |  1  2  3  4  5  6  7  8 |
---------------+-------------------------+-----
Transmutations | 3 4 5 7 9 |  9.2
Poison Magic   | 1 2 |  2.0
Unarmed Combat | 4 5 6 |  6.6
Fighting       | |  0.8
Dodging        | |  1.5
Spellcasting   | |  2.1

Action                   |  1- 3 |  4- 6 |  7- 9 || total
-------------------------+-------+-------+-------++-------
Melee: Unarmed           |   132 |    87 |    84 ||   303
       Bite              |    29 |    11 |    54 ||    94
       Headbutt          |     1 |       |       ||     1
       Kick              |     3 |     1 |       ||     4
       Whip              |       |     3 |   151 ||   154
       Punch             |       |       |     7 ||     7
Throw: Javelin           |       |       |    16 ||    16
 Cast: Beastly Appendage |     9 |     1 |       ||    10
       Sticks to Snakes  |     4 |     9 |    16 ||    29
       Spider Form       |       |     6 |     9 ||    15
 Stab: Distracted        |       |     1 |     3 ||     4
       Sleeping          |       |       |     2 ||     2
  Eat: Chunk             |     5 |     4 |    12 ||    21
Armor: Robe              |    36 |    10 |    20 ||    66
       Skin              |       |     1 |     9 ||    10
Dodge: Dodged            |    75 |    68 |   165 ||   308
